[Event "British Championship 2024"]
[Site "Hull"]
[Date "2024.07.31"]
[Round "2.25"]
[White "Trent, Lawrence"]
[Black "Mitchell, Martin"]
[Result "1-0"]
[Annotator "RC"]
[ECO "B09"]
[WhiteElo "2416"]
[BlackElo "2159"]
[PlyCount "98"]
[EventDate "2024.07.31"]
[EventCountry "GBR"]
[SourceTitle "playchess.com"]
[Source "ChessBase"]
[SourceQuality "1"]
[TimeControl "40/5400+30:1800+30"]

1. e4 d6 2. d4 Nf6 3. Nc3 g6 4. f4 Bg7 5. Qd2 d5 6. e5 Ne4 7. Qe3 Nxc3 8. bxc3 Bf5 9. Nf3 Bxc2 10. e6 fxe6 11. Ng5 Bf6 12. Nxe6 Qc8 13. Ba3 Kf7 14. Nc5 b6 15. Nd3 Qe6 16. Ne5+ Bxe5 17. fxe5 Kg7 18. Be2 Rf8 19. h4 Nd7 20. h5 c5 21. Rh4 gxh5 22. Rxh5 Bg6 23. Qh6+ Kg8 24. Rg5 cxd4 25. cxd4 Qf7 26. Bf3 Kh8 27. O-O-O Rac8+ 28. Kb2 Rc2+ 29. Ka1 Rfc8 30. Rxg6 Qxg6 31. Qxg6 hxg6 32. Bxe7 Rc1+ 33. Rxc1 Rxc1+ 34. Kb2 Rc4 35. e6 Nb8 36. Bxd5 Rc8 37. Bf6+ Kh7 38. g4 g5 39. Be4+ Kg8 40. Bg6 Nc6 41. e7 Nxe7 42. Bxe7 Rc4 43. d5 Rxg4 44. d6 Rd4 45. Kc3 Rd5 46. Kc4 Rd2 47. Kb5 g4 48. Kc6 g3 49. Be4 Kf7 1-0

[Event "British Championship 2024"]
[Site "Hull"]
[Date "2024.07.31"]
[Round "2.27"]
[White "Eggleston, David J"]
[Black "Stubbs, Oliver"]
[Result "1-0"]
[Annotator "RC"]
[ECO "C07"]
[WhiteElo "2335"]
[BlackElo "2146"]
[PlyCount "113"]
[EventDate "2024.07.31"]
[EventCountry "GBR"]
[SourceTitle "playchess.com"]
[Source "ChessBase"]
[SourceQuality "1"]
[TimeControl "40/5400+30:1800+30"]

1. e4 e6 2. d4 d5 3. Nd2 c5 4. Ngf3 cxd4 5. Nxd4 Nf6 6. Bb5+ Bd7 7. Qe2 Bxb5 8. Qxb5+ Qd7 9. e5 Ng8 10. Qd3 Nc6 11. N2f3 Bc5 12. c3 Nge7 13. O-O Rc8 14. a3 Ng6 15. Re1 O-O 16. h4 Qc7 17. Nxc6 Qxc6 18. h5 Nh8 19. Ng5 g6 20. Qh3 h6 21. hxg6 fxg6 22. Nf3 h5 23. Be3 Bxe3 24. Rxe3 Rce8 25. Nd4 Qd7 26. Rae1 Rf7 27. Rg3 Rg7 28. Rf3 Nf7 29. Qh4 Nh6 30. Qg5 Nf5 31. Nxf5 exf5 32. Rd3 Qe6 33. Rd4 Kh7 34. Qd2 Rd7 35. f4 Rc8 36. Rd1 g5 37. Rxd5 Rxd5 38. Qxd5 Qxd5 39. Rxd5 gxf4 40. Rd7+ Kg6 41. e6 Rc5 42. e7 Re5 43. Rxb7 a5 44. a4 h4 45. Kf2 Re3 46. b4 axb4 47. cxb4 Kf7 48. a5 Ra3 49. Rb5 Kxe7 50. Rxf5 h3 51. gxh3 Rxh3 52. a6 Kd6 53. Rf6+ Kc7 54. b5 Rb3 55. a7 Kb7 56. b6 Ra3 57. Rf8 1-0

[Event "British Championship 2024"]
[Site "Hull"]
[Date "2024.07.31"]
[Round "2.28"]
[White "Richardson, John R"]
[Black "Kalaiyalahan, Akshaya"]
[Result "1-0"]
[Annotator "RC"]
[ECO "D36"]
[WhiteElo "2299"]
[BlackElo "2140"]
[PlyCount "81"]
[EventDate "2024.07.31"]
[EventCountry "GBR"]
[SourceTitle "playchess.com"]
[Source "ChessBase"]
[SourceQuality "1"]
[TimeControl "40/5400+30:1800+30"]

1. c4 Nf6 2. Nc3 e6 3. d4 d5 4. cxd5 exd5 5. Bg5 c6 6. Qc2 g6 7. e3 Bf5 8. Bd3 Bxd3 9. Qxd3 Be7 10. Nf3 Nbd7 11. O-O O-O 12. h3 Re8 13. Bf4 Bf8 14. Rfe1 Ne4 15. Qc2 a5 16. Nxe4 dxe4 17. Ne5 Nxe5 18. Bxe5 Qd5 19. Bf4 Re6 20. Rec1 Bd6 21. Bxd6 Rxd6 22. Qc5 Qe6 23. Qb6 Qd7 24. Rc5 Ra6 25. Qb3 a4 26. Qb4 b5 27. Rac1 f6 28. R5c3 Rd5 29. Ra3 Ra7 30. b3 Rg5 31. Kh1 Rf5 32. Rc2 Rc7 33. bxa4 bxa4 34. Rxa4 c5 35. Qc4+ Kg7 36. Ra5 Rb7 37. Rxc5 Rb1+ 38. Kh2 Qd6+ 39. g3 Rf3 40. Rc7+ Kh6 41. Qf7 1-0

[Event "British Championship 2024"]
[Site "Hull"]
[Date "2024.07.31"]
[Round "2.29"]
[White "Khoury, Theo"]
[Black "Taylor, Adam A"]
[Result "1-0"]
[Annotator "RC"]
[ECO "B32"]
[WhiteElo "2057"]
[BlackElo "2281"]
[PlyCount "197"]
[EventDate "2024.07.31"]
[EventCountry "GBR"]
[SourceTitle "playchess.com"]
[Source "ChessBase"]
[SourceQuality "1"]
[TimeControl "40/5400+30:1800+30"]

1. e4 c5 2. Nf3 Nc6 3. d4 cxd4 4. Nxd4 e5 5. Nb5 d6 6. c4 Be7 7. N1c3 a6 8. Na3 Be6 9. Nc2 Bg5 10. Be2 Bxc1 11. Rxc1 Nge7 12. Qd2 O-O 13. O-O Ng6 14. Rfd1 Nf4 15. Bf1 Qg5 16. f3 h5 17. Nd5 Bxd5 18. cxd5 Ne7 19. g3 h4 20. Kf2 hxg3+ 21. hxg3 f5 22. gxf4 Qh5 23. Bg2 Qh4+ 24. Kg1 fxe4 25. fxe4 Rxf4 26. Ne3 Qg5 27. Rf1 Ng6 28. Rxf4 Nxf4 29. Rc2 Rf8 30. Qe1 g6 31. Nf1 Nd3 32. Qd2 Nf4 33. Qe3 Qh4 34. Rf2 Kg7 35. Rf3 Rc8 36. Qd2 Rc4 37. Rc3 Rd4 38. Qf2 Qg5 39. Rg3 Qh4 40. Qc2 Kh6 41. Qc8 Qf6 42. Qg4 Rc4 43. Rc3 Rxc3 44. bxc3 Qd8 45. Kh2 Qb6 46. Qh4+ Kg7 47. Qe1 Qa5 48. Qd2 Qd8 49. Qf2 Qc7 50. Nd2 Qxc3 51. Nf3 Qc1 52. Ng5 Kf6 53. Ne6 g5 54. Nxf4 Qxf4+ 55. Kg1 b5 56. Qb6 Qc1+ 57. Bf1 Ke7 58. Qa7+ Kd8 59. Qf2 Kc7 60. Kg2 Qb1 61. Qa7+ Kd8 62. Qb6+ Ke7 63. Qc7+ Ke8 64. Qc8+ Kf7 65. Qf5+ Kg7 66. Qxg5+ Kh7 67. Qh5+ Kg7 68. Qe2 a5 69. Kf3 b4 70. Qc4 Kf6 71. Be2 Qh1+ 72. Ke3 Qh6+ 73. Kd3 Qh3+ 74. Kc2 Kg5 75. Qd3 Qc8+ 76. Kb3 Qc5 77. Ka4 Kh4 78. Qc4 Qb6 79. Qb5 Qc7 80. Qc6 Qd8 81. Kb5 Kg3 82. Qb6 Qxb6+ 83. Kxb6 a4 84. Bd1 b3 85. a3 Kf4 86. Kb5 Kxe4 87. Kxa4 b2 88. Bc2+ Kxd5 89. Kb3 Kd4 90. Kxb2 e4 91. Kb3 d5 92. a4 e3 93. Bd1 Kd3 94. a5 Kd2 95. Bg4 d4 96. a6 d3 97. a7 e2 98. a8=Q e1=Q 99. Qa5+ 1-0

[Event "British Championship 2024"]
[Site "Hull"]
[Date "2024.07.31"]
[Round "2.30"]
[White "Pein, Jonathan"]
[Black "Murawski, Jan"]
[Result "1/2-1/2"]
[Annotator "RC"]
[ECO "C47"]
[WhiteElo "2279"]
[BlackElo "2134"]
[PlyCount "74"]
[EventDate "2024.07.31"]
[EventCountry "GBR"]
[SourceTitle "playchess.com"]
[Source "ChessBase"]
[SourceQuality "1"]
[TimeControl "40/5400+30:1800+30"]

1. e4 e5 2. Nf3 Nc6 3. Nc3 Nf6 4. d4 exd4 5. Nxd4 Bb4 6. Nxc6 bxc6 7. Bd3 d5 8. exd5 O-O 9. O-O cxd5 10. h3 h6 11. Qf3 c6 12. Bf4 Bd6 13. Rfe1 Be6 14. Ne2 Bxf4 15. Nxf4 Qd6 16. Rad1 Rfe8 17. c4 d4 18. Qg3 c5 19. Nh5 Qxg3 20. Nxf6+ gxf6 21. fxg3 Rab8 22. Rd2 Bd7 23. Rf1 Kg7 24. Rf4 Re3 25. Bf5 Bxf5 26. Rxf5 Re5 27. Rf4 Rb6 28. Kf2 Rbe6 29. b4 cxb4 30. Rfxd4 Rf5+ 31. Rf4 Rc5 32. Rd5 Rxd5 33. cxd5 Ra6 34. Rxb4 Rxa2+ 35. Kf3 Rd2 36. Ra4 Rxd5 37. Rxa7 Rd3+ 1/2-1/2

[Event "British Championship 2024"]
[Site "Hull"]
[Date "2024.07.31"]
[Round "2.31"]
[White "Verma, Shlok"]
[Black "Boswell, Jacob Connor"]
[Result "1/2-1/2"]
[Annotator "RC"]
[ECO "A41"]
[WhiteElo "2102"]
[BlackElo "2274"]
[PlyCount "73"]
[EventDate "2024.07.31"]
[EventCountry "GBR"]
[SourceTitle "playchess.com"]
[Source "ChessBase"]
[SourceQuality "1"]
[TimeControl "40/5400+30:1800+30"]

1. d4 d6 2. c4 e5 3. d5 g6 4. e4 Nd7 5. Nc3 a5 6. Be3 h5 7. Nf3 Bh6 8. Bxh6 Nxh6 9. Bd3 Nc5 10. Bc2 Bg4 11. h3 Bd7 12. Qd2 f5 13. Qg5 Qxg5 14. Nxg5 Nf7 15. Nxf7 Kxf7 16. Ke2 Kf6 17. b3 fxe4 18. Nxe4+ Nxe4 19. Bxe4 Bf5 20. Ke3 Rhf8 21. Bxf5 gxf5 22. g4 Rg8 23. gxf5 Rg5 24. Rag1 Rag8 25. Rxg5 Rxg5 26. Kf3 Rxf5+ 27. Ke3 Rf4 28. Rg1 Rh4 29. Rg3 c6 30. dxc6 bxc6 31. Rf3+ Ke6 32. Rg3 Kf6 33. Rf3+ Ke6 34. Rg3 Kf5 35. Rf3+ Ke6 36. Rg3 Kf5 37. Rf3+ 1/2-1/2

[Event "British Championship 2024"]
[Site "Hull"]
[Date "2024.07.31"]
[Round "2.32"]
[White "Pal, Rohan"]
[Black "Shafi, Declan"]
[Result "1/2-1/2"]
[Annotator "RC"]
[ECO "C28"]
[WhiteElo "2097"]
[BlackElo "2222"]
[PlyCount "89"]
[EventDate "2024.07.31"]
[EventCountry "GBR"]
[SourceTitle "playchess.com"]
[Source "ChessBase"]
[SourceQuality "1"]
[TimeControl "40/5400+30:1800+30"]

1. e4 e5 2. Bc4 Nf6 3. d3 Nc6 4. Nc3 Na5 5. Qf3 c6 6. Nge2 d6 7. h3 Be7 8. a4 Nxc4 9. dxc4 Be6 10. b3 d5 11. cxd5 cxd5 12. exd5 Nxd5 13. O-O Nxc3 14. Nxc3 O-O 15. Qxb7 Bc5 16. Rd1 Qh4 17. Qf3 Bd4 18. Bd2 Rac8 19. Rac1 f5 20. Be1 Qg5 21. Nb5 Bb2 22. Rb1 Rxc2 23. Rd6 e4 24. Qd1 Bxb3 25. Nd4 Bxd4 26. Qxd4 Rc1 27. Rxb3 Rxe1+ 28. Kh2 f4 29. Qc4+ Kh8 30. Qf7 Rg8 31. Rd7 h6 32. Rb5 e3 33. Rxg5 exf2 34. Qxf4 f1=Q 35. Qxf1 Rxf1 36. Ra5 Ra8 37. Raxa7 Rxa7 38. Rxa7 Rf4 39. a5 Ra4 40. Kg3 Kh7 41. a6 Kg6 42. Ra8 Kg5 43. a7 Ra3+ 44. Kh2 h5 45. Kg1 1/2-1/2

[Event "British Championship 2024"]
[Site "Hull"]
[Date "2024.07.31"]
[Round "2.33"]
[White "Pang, Ethan"]
[Black "Verma, Aditya"]
[Result "1-0"]
[Annotator "RC"]
[ECO "B55"]
[WhiteElo "2164"]
[BlackElo "2118"]
[PlyCount "57"]
[EventDate "2024.07.31"]
[EventCountry "GBR"]
[SourceTitle "playchess.com"]
[Source "ChessBase"]
[SourceQuality "1"]
[TimeControl "40/5400+30:1800+30"]

1. e4 c5 2. Nf3 d6 3. d4 cxd4 4. Nxd4 Nf6 5. f3 e5 6. Nb3 d5 7. Bg5 Be6 8. Bxf6 gxf6 9. exd5 Qxd5 10. Qxd5 Bxd5 11. Nc3 Bc6 12. O-O-O Bh6+ 13. Kb1 O-O 14. Na5 Kg7 15. Bd3 Be3 16. Be4 Bd4 17. Ne2 f5 18. Bxf5 Bb6 19. Nxc6 Nxc6 20. Ng3 Rad8 21. Be4 Bc5 22. c3 a5 23. Kc2 Rxd1 24. Rxd1 Rd8 25. Nh5+ Kh6 26. Nf6 Rxd1 27. Kxd1 Kg5 28. Nxh7+ Kf4 29. Ke2 1-0

[Event "British Championship 2024"]
[Site "Hull"]
[Date "2024.07.31"]
[Round "2.34"]
[White "Rida, Ruqayyah"]
[Black "Ledger, Dave J"]
[Result "1/2-1/2"]
[Annotator "RC"]
[ECO "C55"]
[WhiteElo "1962"]
[BlackElo "2201"]
[PlyCount "202"]
[EventDate "2024.07.31"]
[EventCountry "GBR"]
[SourceTitle "playchess.com"]
[Source "ChessBase"]
[SourceQuality "1"]
[TimeControl "40/5400+30:1800+30"]

1. e4 e5 2. Nf3 Nc6 3. Bc4 Nf6 4. d3 h6 5. c3 d6 6. O-O g5 7. Re1 Bg7 8. a4 O-O 9. b4 Bg4 10. Be3 d5 11. exd5 Nxd5 12. Bc5 Re8 13. Qb3 Bxf3 14. gxf3 Nf4 15. Bxf7+ Kh8 16. Bxe8 Qxe8 17. Be3 Qh5 18. Bxf4 gxf4 19. Nd2 Rd8 20. Qc4 Ne7 21. Kh1 Qh4 22. Rg1 Qxf2 23. Qf7 Rg8 24. Rg2 Qh4 25. Ne4 Qh3 26. Qxe7 Qxg2+ 27. Kxg2 Bf6+ 28. Kf1 Bxe7 29. Re1 Bh4 30. Nf2 Rg5 31. Re4 Bxf2 32. Kxf2 Rh5 33. Kg2 Rg5+ 34. Kh3 Kg7 35. d4 exd4 36. Rxd4 a5 37. Rd7+ Kf6 38. Rxc7 b5 39. Rc6+ Ke7 40. axb5 Rxb5 41. bxa5 Rxa5 42. Rxh6 Rc5 43. Rh4 Rc4 44. Kg4 Kf6 45. Rh6+ Kg7 46. Re6 Rxc3 47. Kxf4 Rc4+ 48. Re4 Rc2 49. h3 Rh2 50. Kg3 Rh1 51. Kh4 Kf6 52. Rf4+ Kg6 53. Rf8 Kg7 54. Rb8 Kg6 55. Kg4 Rg1+ 56. Kf4 Rh1 57. Rg8+ Kf7 58. Rg3 Kf6 59. Kg4 Ra1 60. f4 Rb1 61. h4 Ra1 62. h5 Rh1 63. Rg2 Rf1 64. Rh2 Rg1+ 65. Kf3 Rf1+ 66. Ke4 Re1+ 67. Kd5 Rd1+ 68. Kc6 Rc1+ 69. Kd7 Rd1+ 70. Kc6 Rc1+ 71. Kd5 Rd1+ 72. Ke4 Re1+ 73. Kd3 Kg7 74. h6+ Kh7 75. Kd4 Ra1 76. Ke5 Ra5+ 77. Kf6 Ra6+ 78. Kg5 Rg6+ 79. Kf5 Ra6 80. Rh5 Ra5+ 81. Kg4 Ra6 82. Rh1 Rb6 83. f5 Rxh6 84. Rb1 Ra6 85. Rb7+ Kg8 86. Kg5 Rc6 87. Re7 Kf8 88. Rb7 Ra6 89. Rb8+ Kf7 90. Rb7+ Kf8 91. Rd7 Rb6 92. Kf4 Ra6 93. Ke5 Ra5+ 94. Kf6 Ra6+ 95. Kg5 Rb6 96. Rd5 Kf7 97. Ra5 Rc6 98. f6 Rc1 99. Ra7+ Kf8 100. Ra8+ Kf7 101. Ra7+ Kf8 1/2-1/2

[Event "British Championship 2024"]
[Site "Hull"]
[Date "2024.07.31"]
[Round "2.35"]
[White "Southcott-Moyers, Indy"]
[Black "Arnott, Jonathan W"]
[Result "1-0"]
[Annotator "RC"]
[ECO "A85"]
[WhiteElo "2182"]
[BlackElo "2104"]
[PlyCount "153"]
[EventDate "2024.07.31"]
[EventCountry "GBR"]
[SourceTitle "playchess.com"]
[Source "ChessBase"]
[SourceQuality "1"]
[TimeControl "40/5400+30:1800+30"]

1. d4 e6 2. c4 f5 3. a3 Nf6 4. Nc3 d5 5. Bf4 Bd6 6. e3 Bxf4 7. exf4 O-O 8. Nf3 Ne4 9. Be2 c6 10. O-O Nd7 11. Qc2 Qf6 12. Ne5 Qh6 13. Nxd7 Bxd7 14. g3 Rf6 15. f3 Nd6 16. c5 Nf7 17. h4 g6 18. Kf2 Qg7 19. Rh1 h6 20. Qd2 b6 21. b4 g5 22. hxg5 hxg5 23. fxg5 Nxg5 24. Rh5 Rg6 25. Rah1 bxc5 26. bxc5 Re8 27. f4 Nf7 28. R5h3 Rh6 29. Bh5 Kf8 30. Ne2 Ke7 31. Bxf7 Rxh3 32. Rxh3 Kxf7 33. Qa5 Re7 34. Qxa7 Be8 35. Qb8 Kf8 36. Qd6 Kg8 37. Qb8 Kf8 38. Qe5 Qxe5 39. fxe5 Ra7 40. Rh8+ Ke7 41. Rh7+ Bf7 42. Nf4 Rxa3 43. Ng6+ Ke8 44. Nh8 Ra7 45. Kf3 Kf8 46. Nxf7 Kg8 47. Rh6 Ra3+ 48. Kf4 Kxf7 49. Rh7+ Kf8 50. g4 fxg4 51. Kxg4 Ke8 52. Kg5 Rf3 53. Rc7 Rf1 54. Rxc6 Kd7 55. Ra6 Rg1+ 56. Kf4 Rf1+ 57. Ke3 Re1+ 58. Kd2 Re4 59. Kd3 Rg4 60. Rd6+ Ke7 61. c6 Rg1 62. Rd7+ Ke8 63. Rh7 Kd8 64. Rh6 Ke7 65. c7 Kd7 66. Rxe6 Rg3+ 67. Ke2 Kxc7 68. Rd6 Rh3 69. Rxd5 Kc6 70. Rc5+ Kd7 71. Kd2 Ke6 72. Rc3 Rh2+ 73. Kd3 Kd5 74. Rc5+ Ke6 75. Ra5 Rh1 76. Ra6+ Kd5 77. Rd6# 1-0

[Event "British Championship 2024"]
[Site "Hull"]
[Date "2024.07.31"]
[Round "2.36"]
[White "Subramanian, Anusha"]
[Black "Beaumont, Chris R"]
[Result "1-0"]
[Annotator "RC"]
[ECO "B38"]
[WhiteElo "2050"]
[BlackElo "2198"]
[PlyCount "141"]
[EventDate "2024.07.31"]
[EventCountry "GBR"]
[SourceTitle "playchess.com"]
[Source "ChessBase"]
[SourceQuality "1"]
[TimeControl "40/5400+30:1800+30"]

1. e4 c5 2. Nf3 g6 3. d4 cxd4 4. Nxd4 Bg7 5. c4 Nc6 6. Be3 Nf6 7. Nc3 O-O 8. f3 Qb6 9. Na4 Qa5+ 10. Bd2 Qd8 11. Be3 d6 12. Qd2 Bd7 13. Nc3 Nxd4 14. Bxd4 a5 15. g4 a4 16. a3 Qa5 17. h4 h5 18. gxh5 Nxh5 19. Bxg7 Kxg7 20. O-O-O Rac8 21. Kb1 Be6 22. Qd4+ f6 23. Nd5 Bxd5 24. exd5 Qc5 25. Qg4 f5 26. Qg5 Rf6 27. Bd3 Qf2 28. Rhf1 Qg3 29. Qe3 Rf7 30. Qe6 Rc7 31. Rg1 Rf6 32. Qe3 Qxh4 33. Qb6 Rc5 34. Qxb7 Rf7 35. Qd7 Qf4 36. Qe6 Rf6 37. Qxe7+ Rf7 38. Qe2 Rcc7 39. Qg2 Rf6 40. Rh1 Kh6 41. Qf2 Re7 42. Qb6 Qe3 43. Qd8 Kg7 44. c5 Re8 45. Qa5 Qxc5 46. Qxa4 Re7 47. Qb5 Qa7 48. a4 Nf4 49. Qc4 Nxd3 50. Rxd3 f4 51. Qc8 Rf8 52. Qh3 Qxa4 53. Qh6+ Kf7 54. Qg5 Ke8 55. Qxg6+ Kd7 56. Ra3 Qd4 57. Qg4+ Kc7 58. Rb3 Ra8 59. Rc1+ Kd8 60. Qg8+ Re8 61. Qg5+ Re7 62. Re1 Qg7 63. Qh4 Qh7+ 64. Qxh7 Rxh7 65. Rb6 Rh6 66. Rg1 Ke7 67. Re1+ Kf7 68. Rb7+ Kf6 69. Re6+ Kg5 70. Rg7+ Kh5 71. Re2 1-0

[Event "British Championship 2024"]
[Site "Hull"]
[Date "2024.07.31"]
[Round "2.37"]
[White "Sivanandan, Bodhana"]
[Black "Verbytski, Oleg"]
[Result "1/2-1/2"]
[Annotator "RC"]
[ECO "B52"]
[WhiteElo "2110"]
[BlackElo "2008"]
[PlyCount "91"]
[EventDate "2024.07.31"]
[EventCountry "GBR"]
[SourceTitle "playchess.com"]
[Source "ChessBase"]
[SourceQuality "1"]
[TimeControl "40/5400+30:1800+30"]

1. e4 c5 2. Nf3 d6 3. Bb5+ Bd7 4. Bxd7+ Qxd7 5. c4 Nc6 6. d4 cxd4 7. Nxd4 Nf6 8. Nc3 g6 9. f3 Bg7 10. Be3 O-O 11. O-O a6 12. Rc1 Nxd4 13. Bxd4 b5 14. c5 Rfd8 15. Qe2 dxc5 16. Bxc5 Qb7 17. Rfd1 e6 18. Rxd8+ Rxd8 19. Rd1 Qc7 20. Rxd8+ Qxd8 21. Qd1 Qxd1+ 22. Nxd1 Nd7 23. Be3 Kf8 24. Kf2 Ke7 25. Ke2 Kd6 26. b3 Nc5 27. Kd2 Kc6 28. Nf2 a5 29. Kc2 b4 30. Nd3 Nxd3 31. Kxd3 Kb5 32. Bf2 Be5 33. h3 Bg7 34. Be3 h5 35. Bf2 e5 36. g4 Bh6 37. Bg3 f6 38. Bh4 g5 39. Bf2 h4 40. Ba7 Bf8 41. Be3 Bc5 42. Bd2 Bb6 43. Bc1 Bc5 44. Bd2 Bb6 45. Bc1 Bc5 46. Bd2 1/2-1/2

[Event "British Championship 2024"]
[Site "Hull"]
[Date "2024.07.31"]
[Round "2.38"]
[White "Atako, Chino C"]
[Black "Brewer, Callum D"]
[Result "1/2-1/2"]
[Annotator "RC"]
[ECO "E36"]
[WhiteElo "2003"]
[BlackElo "2161"]
[PlyCount "82"]
[EventDate "2024.07.31"]
[EventCountry "GBR"]
[SourceTitle "playchess.com"]
[Source "ChessBase"]
[SourceQuality "1"]
[TimeControl "40/5400+30:1800+30"]

1. d4 Nf6 2. c4 e6 3. Nc3 Bb4 4. Qc2 O-O 5. a3 Bxc3+ 6. Qxc3 d5 7. Nf3 c5 8. dxc5 Ne4 9. Qc2 Nxc5 10. b4 Ne4 11. Bb2 Nd7 12. e3 Ndf6 13. Bd3 b6 14. O-O Bb7 15. cxd5 Rc8 16. Qa4 Bxd5 17. Rfd1 Qe7 18. Rac1 h6 19. h3 Rfd8 20. Nd4 Nd6 21. Nc6 Bxc6 22. Rxc6 Rxc6 23. Qxc6 Rc8 24. Qf3 Nde8 25. Rd2 Rd8 26. Qd1 Rd6 27. Be5 Rd5 28. f4 Qd7 29. Bd4 Rxd4 30. exd4 Qxd4+ 31. Kh1 Qxf4 32. Rc2 g6 33. Qf3 Qe5 34. Rf2 Kg7 35. g3 Nd6 36. Kg2 Nf5 37. Bxf5 exf5 38. Re2 Qd4 39. Qe3 Qd5+ 40. Kh2 Ne4 41. Rc2 h5 1/2-1/2

[Event "British Championship 2024"]
[Site "Hull"]
[Date "2024.07.31"]
[Round "2.39"]
[White "Hryshchenko, Kamila"]
[Black "Starley, Robert"]
[Result "1-0"]
[Annotator "RC"]
[ECO "C50"]
[WhiteElo "2161"]
[BlackElo "2017"]
[PlyCount "159"]
[EventDate "2024.07.31"]
[EventCountry "GBR"]
[SourceTitle "playchess.com"]
[Source "ChessBase"]
[SourceQuality "1"]
[TimeControl "40/5400+30:1800+30"]

1. e4 e5 2. Nf3 Nc6 3. Bb5 Nf6 4. d3 Bc5 5. Nc3 O-O 6. O-O d6 7. h3 a6 8. Ba4 h6 9. a3 Be6 10. Bxc6 bxc6 11. d4 exd4 12. Nxd4 Bd7 13. Re1 Re8 14. b4 Bb6 15. Bb2 c5 16. Nf3 cxb4 17. axb4 Bc6 18. Qd3 Bb7 19. Nd5 Nxd5 20. exd5 Qd7 21. c4 Rxe1+ 22. Rxe1 Re8 23. Qc3 Rxe1+ 24. Nxe1 f6 25. c5 dxc5 26. bxc5 Ba7 27. c6 Qf5 28. Nd3 Bc8 29. Qc4 Kh7 30. Bc3 Bb6 31. Kf1 Qh5 32. Qe4+ Bf5 33. Qe2 Qxe2+ 34. Kxe2 Be4 35. Nf4 Bc5 36. f3 Bf5 37. g4 Bc8 38. Ba5 Bd6 39. Ke3 Kg8 40. Nd3 Kf7 41. Kd4 h5 42. Nc5 hxg4 43. hxg4 g5 44. Ne4 Bf4 45. Kc5 Be3+ 46. Kc4 Bf4 47. Nc5 Bd6 48. Ne4 Bf4 49. Nc5 Bd6 50. Kd4 Be5+ 51. Ke4 Bd6 52. Nb3 Ke7 53. Nd4 Be5 54. Nc2 Bd6 55. Ne3 Be5 56. Nc4 Bf4 57. Bb4+ Kd8 58. Na5 Ke8 59. Nb7 Kf7 60. Nd8+ Kg6 61. Ne6 Be5 62. Ba5 Bxe6 63. dxe6 Bd6 64. Kd5 Kg7 65. Bc3 Be7 66. Be1 Bd6 67. Ke4 Kg6 68. Ba5 Be5 69. Bb4 Bg3 70. Kd5 Kg7 71. Kc4 Bf2 72. Bd6 Bb6 73. Be7 Kg6 74. Bf8 Ba5 75. Kb3 Be1 76. Ka4 a5 77. Bd6 Bb4 78. Bxc7 Kg7 79. Bg3 Kf8 80. c7 1-0

[Event "British Championship 2024"]
[Site "Hull"]
[Date "2024.07.31"]
[Round "2.40"]
[White "Larkin, Benjamin"]
[Black "Larchikov, Maksym"]
[Result "1-0"]
[Annotator "RC"]
[ECO "B99"]
[WhiteElo "1952"]
[BlackElo "2181"]
[PlyCount "67"]
[EventDate "2024.07.31"]
[EventCountry "GBR"]
[SourceTitle "playchess.com"]
[Source "ChessBase"]
[SourceQuality "1"]
[TimeControl "40/5400+30:1800+30"]

1. e4 c5 2. Nf3 d6 3. d4 cxd4 4. Nxd4 Nf6 5. Nc3 a6 6. Bg5 e6 7. f4 Be7 8. Qf3 Nbd7 9. O-O-O Qc7 10. g4 b5 11. Bxf6 Nxf6 12. g5 Nd7 13. f5 Bxg5+ 14. Kb1 Ne5 15. Qh5 Bf6 16. fxe6 O-O 17. Bh3 g6 18. Nd5 Qd8 19. Qe2 Ra7 20. Rhf1 Bh4 21. Qe3 Rb7 22. Qa3 a5 23. exf7+ Rfxf7 24. Bxc8 Qxc8 25. Qxa5 Qg4 26. Qa8+ Kg7 27. Nf5+ gxf5 28. Rg1 Nf3 29. Rxg4+ fxg4 30. Ne3 Nxh2 31. Nf5+ Rxf5 32. exf5 Rf7 33. Qg2 g3 34. Qh3 1-0

[Event "British Championship 2024"]
[Site "Hull"]
[Date "2024.07.31"]
[Round "2.42"]
[White "Banerjee, Supratit"]
[Black "Merriman, James"]
[Result "1-0"]
[Annotator "RC"]
[ECO "C02"]
[WhiteElo "2115"]
[BlackElo "1974"]
[PlyCount "95"]
[EventDate "2024.07.31"]
[EventCountry "GBR"]
[SourceTitle "playchess.com"]
[Source "ChessBase"]
[SourceQuality "1"]
[TimeControl "40/5400+30:1800+30"]

1. e4 e6 2. d4 d5 3. e5 c5 4. c3 Qb6 5. Nf3 Nc6 6. Be2 cxd4 7. cxd4 Nge7 8. Na3 Nf5 9. Nc2 Bb4+ 10. Kf1 Be7 11. h4 h5 12. b4 Bd7 13. a3 f6 14. Bf4 fxe5 15. Nxe5 Nxe5 16. Bxe5 Bb5 17. a4 Bxe2+ 18. Qxe2 Rc8 19. g3 Bf6 20. Bxf6 O-O 21. a5 Qc6 22. Ne3 Rxf6 23. Nxf5 Rxf5 24. Kg2 Qc2 25. Qxe6+ Kh8 26. Rhf1 Rcf8 27. Qe1 Rf3 28. a6 b6 29. Kg1 Qb2 30. Rd1 Qa2 31. Rc1 Qxa6 32. Rc7 Qd3 33. Qe5 Qg6 34. Rxa7 R3f5 35. Qe3 Qd6 36. b5 R8f6 37. Kg2 Re6 38. Qd3 Ref6 39. Ra8+ Kh7 40. Re1 Kh6 41. Rh8+ Kg6 42. Re5 Qd7 43. Rb8 Qc7 44. Rxf5 Qxb8 45. Rxd5+ Kf7 46. Rd7+ Kg8 47. Qc4+ Kh8 48. Qd5 1-0